 Dungeon Crawl Stone Soup version 0.25-b1-50-g7b83aa72e5 (webtiles) character file.

Game seed: 3408437439896381045

4601 Curus the Carver (level 10, -8/88 HPs)
             Began as a Minotaur Gladiator on June 12, 2020.
             Was a Believer of Trog.
             Mangled by an orc warrior
             ... wielding a +0 hand axe
              (22 damage)
             ... in a bailey.
             The game lasted 00:38:22 (6912 turns).

Curus the Carver (Minotaur Gladiator)               Turns: 6912, Time: 00:38:24

Health: -8/88      AC:  3    Str: 18    XL:     10   Next: 19%
Magic:  9/9        EV: 17    Int:  7    God:    Trog [**....]
Gold:   71         SH:  5    Dex: 16    Spells: 9/9 levels left

rFire    . . .     SeeInvis .   a - +1 long sword
rCold    + . .     Gourm    .   (no shield)
rNeg     + . .     Faith    .   u - +1 leather armour {rC+}
rPois    .         Spirit   .   c - +1 hat
rElec    .         Reflect  +   l - scarf {repulsion}
rCorr    .         Harm     .   (no gloves)
MR       .....                  (no boots)
Stlth    +.........             i - amulet of reflection
HPRegen  0.64/turn              h - ring of positive energy
MPRegen  0.11/turn              (no ring)

@: mighty, berserk cooldown, slowed, repel missiles, very slow
A: retaliatory headbutt, horns 2, talons 1, agile 1, deformed body, regeneration
1
a: Berserk, Trog's Hand, Renounce Religion


You were in a bailey.
You worshipped Trog.
Trog was pleased with you.
You were very hungry.

You visited 2 branches of the dungeon, and saw 9 of its levels.
You also visited: Bailey.

You collected 418 gold pieces.
You spent 347 gold pieces at shops.

Inventory:

Hand Weapons
 a - a +1 long sword (weapon)
 y - a +2 falchion of holy wrath
Missiles
 d - 4 throwing nets (quivered)
Armour
 b - a +1 leather armour
 c - a +1 hat (worn)
 l - a scarf of repulsion (worn)
 p - a +1 cloak
 u - a +1 leather armour of cold resistance (worn)
 v - a scarf of harm
Jewellery
 e - an uncursed amulet of the acrobat
 g - an uncursed ring of fire
 h - a ring of positive energy (left hand)
 i - an amulet of reflection (around neck)
Wands
 q - a wand of iceblast (7)
 t - a wand of enslavement (5)
Scrolls
 k - 3 scrolls of teleportation
 m - 2 scrolls of blinking
 n - 5 scrolls of identify
 o - a scroll of magic mapping
 r - 4 scrolls of remove curse
 x - 2 scrolls of fog
Potions
 j - 10 potions of curing
 s - 2 potions of heal wounds
Comestibles
 f - 14 rations


   Skills:
 + Level 8.0 Fighting
 - Level 14.0 Long Blades
 - Level 2.0 Throwing
 + Level 7.7 Dodging


You had 9 spell levels left.
You didn't know any spells.
Your spell library contained the following spells:

 Spells                   Type           Power        Failure   Level  Hunger
 Animate Skeleton         Necr           N/A          50%         1    ##.....
 Apportation              Tloc           #.....       50%         1    ##.....
 Corona                   Hex            #......      50%         1    ##.....
 Summon Small Mammal      Summ           #...         50%         1    ##.....


Dungeon Overview and Level Annotations

Branches:
Dungeon (8/15)             Temple (1/1) D:5          Bailey (1/1)
   Lair: D:8-11

Altars:
Nemelex Xobeh
Okawaru
Ru
Trog
Vehumet
Xom
Jiyva

Shops:
D:6 *}   D:7 !

Annotations:
D:8 3 runed translucent doors, raetorn's ghost, novice DgFE


Innate Abilities, Weirdness & Mutations

You reflexively headbutt those who attack you in melee.
You have a pair of horns on your head.
You have sharp toenails.
You are agile. (Dex +2)
Armour fits poorly on your strangely shaped body.
Your natural rate of healing is unusually fast.


Message History

* * * LOW HITPOINT WARNING * * *
The goblin misses you.
You riposte.
You slash the goblin!
You kill the goblin!
Trog accepts your kill. You block the gnoll's attack.
You slash the orc warrior!
You kill the orc warrior!
Trog accepts your kill.
Your Fighting skill increases to level 8!
The gnoll hits you with a cursed +0 hand axe.
* * * LOW HITPOINT WARNING * * *
The kobold throws a boomerang.
The boomerang misses you.
The weapon returns to the kobold!
You block the gnoll's attack.
You hit the orc warrior. You claw the orc warrior!
The orc warrior is severely wounded.
The gnoll closely misses you. You furiously retaliate!
You headbutt the gnoll!
You kill the gnoll!
Trog accepts your kill.
The orc warrior hits you with a +0 hand axe!!
You die...

... .8. .o.
##o## #.g.#
#.g)# #og)#
######@######
#....≈.≈(...#
#'###≈.≈###+#
#...K≈.≈(...#
#'###≈.≈###+#
#^..(≈.≈(...#
#'###≈.≈###+#
#...(≈.≈(...#
#+###≈.≈###+#


You could see an orc warrior, 2 gnolls, 2 orcs, a hobgoblin and a kobold.

Vanquished Creatures
  Harold (D:8)
  An orc knight (Bailey)
  Pikel (D:4)
  Prince Ribbit (D:6)
  Menkaure (D:4)
  5 orc warriors
  2 phantoms
  An ice beast (D:7)
  A necrophage (D:8)
  A centaur (D:6)
  5 ogres
  3 bullfrogs
  3 scorpions
  A howler monkey (D:4)
  3 crimson imps
  A bullfrog zombie (D:8)
  4 orc priests (D:5)
  Crazy Yiuf (D:3)
  2 jellies
  3 iguanas
  A bullfrog skeleton (D:4)
  Natasha (thrice) (D:2)
  8 worker ants
  A hound zombie (D:5)
  A hound skeleton (D:4)
  7 gnolls
  7 adders
  2 oozes
  An adder zombie (D:5)
  A dart slug (D:2)
  2 worms
  4 leopard geckos
  20 orcs
  2 giant cockroaches (D:5)
  15 goblins
  14 hobgoblins
  4 quokkas
  8 bats
  3 frilled lizards
  18 kobolds
  9 rats
172 creatures vanquished.

Vanquished Creatures (others)
  A quokka (D:8)
1 creature vanquished.

Grand Total: 173 creatures vanquished

Notes
Turn   | Place    | Note
-------+----------+-------------------------------------------
     0 | D:1      | Curus the Minotaur Gladiator began the quest for the Orb.
     0 | D:1      | Reached XP level 1. HP: 18/18 MP: 0/0
   251 | D:1      | Reached skill level 4 in Long Blades
   382 | D:1      | Reached XP level 2. HP: 25/25 MP: 1/1
   703 | D:1      | Reached skill level 5 in Long Blades
   922 | D:1      | Reached XP level 3. HP: 30/30 MP: 2/2
  1163 | D:2      | Noticed Natasha
  1166 | D:2      | Killed Natasha
  1174 | D:2      | Reached XP level 4. HP: 35/37 MP: 3/3
  1175 | D:2      | Reached skill level 6 in Long Blades
  1343 | D:2      | Noticed Natasha
  1348 | D:2      | Killed Natasha
  1383 | D:2      | Noticed Natasha
  1386 | D:2      | Found a radiant altar of Vehumet.
  1395 | D:2      | Killed Natasha
  1541 | D:2      | Reached XP level 5. HP: 42/42 MP: 4/4
  1547 | D:2      | Reached skill level 7 in Long Blades
  2787 | D:3      | Found a runed translucent door.
  2788 | D:3      | Noticed Crazy Yiuf
  2859 | D:3      | Gained mutation: Your natural rate of healing is unusually
                  | fast. [potion of mutation]
  2859 | D:3      | Gained mutation: Armour fits poorly on your strangely
                  | shaped body. [potion of mutation]
  2859 | D:3      | Gained mutation: You are agile. (Dex +2) [potion of
                  | mutation]
  2859 | D:3      | Gained mutation: You have sharp toenails. [potion of
                  | mutation]
  3168 | D:3      | Found a sparkling altar of Nemelex Xobeh.
  3212 | D:3      | Killed Crazy Yiuf
  3212 | D:3      | Reached skill level 8 in Long Blades
  3274 | D:4      | Reached XP level 6. HP: 50/50 MP: 5/5
  3330 | D:4      | Noticed Pikel
  3332 | D:4      | Noticed a slave
  3332 | D:4      | Noticed a slave
  3332 | D:4      | Noticed a slave
  3339 | D:4      | Killed Pikel
  3339 | D:4      | Reached skill level 10 in Long Blades
  3339 | D:4      | Reached XP level 7. HP: 47/56 MP: 6/6
  3480 | D:4      | Noticed Menkaure
  3485 | D:4      | Killed Menkaure
  3485 | D:4      | Reached skill level 11 in Long Blades
  3539 | D:4      | Reached XP level 8. HP: 62/62 MP: 7/7
  4004 | D:5      | Entered Level 5 of the Dungeon
  4009 | D:5      | Reached skill level 12 in Long Blades
  4140 | D:5      | Found a staircase to the Ecumenical Temple.
  4170 | Temple   | Entered the Ecumenical Temple
  4186 | Temple   | Became a worshipper of Trog the Wrathful
  4660 | D:5      | Reached * piety under Trog
  4661 | D:5      | Reached skill level 13 in Long Blades
  4860 | D:5      | Found an iron altar of Okawaru.
  5088 | D:6      | Noticed Prince Ribbit
  5100 | D:6      | Killed Prince Ribbit
  5102 | D:6      | Reached XP level 9. HP: 17/68 MP: 8/8
  5182 | D:6      | Reached skill level 14 in Long Blades
  5403 | D:6      | Found Awnips's Assorted Antiques.
  5406 | D:6      | Found Inipix's Gadget Boutique.
  5420 | D:6      | Bought a murky brown potion for 20 gold pieces
  5420 | D:6      | Bought 3 scrolls labeled ONUZONKOONU for 69 gold pieces
  5420 | D:6      | Bought 2 potions of curing for 138 gold pieces
  6253 | D:7      | Found Ario's Distillery.
  6258 | D:7      | Bought a potion of might for 48 gold pieces
  6258 | D:7      | Bought a potion of curing for 36 gold pieces
  6258 | D:7      | Bought a potion of curing for 36 gold pieces
  6581 | D:8      | Noticed Harold
  6595 | D:8      | Killed Harold
  6595 | D:8      | Reached skill level 5 in Fighting
  6713 | D:8      | Found a runed translucent gate.
  6713 | D:8      | Found a runed translucent gate.
  6713 | D:8      | Found a runed translucent gate.
  6717 | D:8      | Found a viscous altar of Jiyva.
  6717 | D:8      | Noticed raetorn's ghost (novice DgFE)
  6804 | D:8      | Found a shimmering altar of Xom.
  6852 | D:8      | Found a flagged portal.
  6867 | Bailey   | Entered a bailey
  6887 | Bailey   | Noticed an orc knight
  6895 | Bailey   | Killed an orc knight
  6895 | Bailey   | Reached XP level 10. HP: 73/86 MP: 9/9
  6900 | Bailey   | Reached ** piety under Trog
  6912 | Bailey   | Mangled by an orc warrior

Illustrated notes

Levels and vault maps discovered:
D:1:      wander_arrival_estate, layout_loops_corners, patterned_corridor
D:2:      wad_lake_hut, layout_basic, first_ration, minmay_hexomino_r4,
          uniq_natasha
D:3:      layout_loops_ring, nemelex_dance_club_becter, uniq_crazy_yiuf_cottage
D:4:      layout_cave_pods, uniq_menkaure, uniq_pikel
D:5:      layout_basic, lemuel_coloured_pillars_altar,
          minmay_temple_entry_waves, minivault_4
D:6:      layout_cave_pools, serial_shops, shop_fountains, shop,
          kennysheep_generic_room_13, uniq_prince_ribbit1
D:7:      layout_basic, serial_shops, shop
D:8:      layout_gridville, gammafunk_ghost_ooze, enter_bailey_3,
          xom_confusion_cloud, uniq_harold
Temple:   roderic_octagonal_lattice_temple
Bailey:   bailey_axe_1, bailey

Skill      XL: |  1  2  3  4  5  6  7  8  9 10 |
---------------+-------------------------------+-----
Long Blades    | 4 5 6 8 10 11 13 14 | 14.0
Fighting       | 7 8 |  8.0
Dodging        | 7 |  7.7
Throwing       | |  2.0

Action                   |  1- 3 |  4- 6 |  7- 9 | 10-12 || total
-------------------------+-------+-------+-------+-------++-------
Melee: Long sword        |    60 |    96 |   193 |    15 ||   364
       Headbutt          |     9 |    19 |    40 |     5 ||    73
       Kick              |       |     9 |    85 |     9 ||   103
Invok: Berserk           |       |       |     4 |       ||     4
Evoke: Wand              |       |       |     1 |       ||     1
  Use: Potion            |     3 |     5 |     3 |     1 ||    12
       Scroll            |     2 |     7 |     6 |       ||    15
 Stab: Sleeping          |       |       |     3 |       ||     3
  Eat: Chunk             |     1 |     7 |    10 |       ||    18
       Ration            |       |       |     1 |       ||     1
Armor: Leather armour    |    14 |     9 |    24 |     1 ||    48
Dodge: Dodged            |    46 |    74 |   141 |    12 ||   273
       Repelled          |       |     1 |    21 |     4 ||    26
Block: Other             |       |       |    37 |     7 ||    44
       Reflection        |       |       |    22 |     4 ||    26
       Rpst.: Long sword |    19 |    15 |    16 |     3 ||    53
